 Dungeon Crawl Stone Soup version 0.28-a0-1184-g53156a8862 (webtiles) character file.

Game seed: 378058767212563709

170 SirFunk the Magician (level 5, -2/38 HPs)
             Began as a Djinni Hedge Wizard on Dec 17, 2021.
             Was a Believer of Dithmenos.
             Frozen to death by an endoplasm (7 damage)
             ... on level 3 of the Dungeon.
             The game lasted 00:12:00 (4465 turns).

SirFunk the Magician (Djinni Hedge Wizard)          Turns: 4465, Time: 00:12:00

Health: -2/38      AC:  3    Str:  9    XL:     5   Next: 80%
Gold:   109        EV: 13    Int: 17    God:    Dithmenos [**....] SH:  5 Dex: 13

rFire   + + +      SeeInvis .   p - +4 quarterstaff (chaos)
rCold   x . .      Faith    .   (shield currently unavailable)
rNeg    . . .      Spirit   .   b - +0 robe
rPois   ∞          Reflect  +   c - +0 hat
rElec   .          Harm     .   k - scarf {repulsion}
rCorr   .          Rampage  .   d - +0 pair of gloves
Will    .....                   (boots unavailable)
Stlth   ++........              l - amulet of reflection
HPRegen 0.12/turn               h - ring of protection from fire
MPRegen 0.00/turn               (no ring)

@: flying, wreathed by umbra, repel missiles
A: sickness immunity, fire resistance 2, cold vulnerability 1, float, innate
caster, hp casting, extra vitality 1
a: Renounce Religion, Shadow Step


You were on level 3 of the Dungeon.
You worshipped Dithmenos.
Dithmenos was pleased with you.
You visited 1 branch of the dungeon, and saw 3 of its levels.

You collected 109 gold pieces.

Inventory:

Hand Weapons
 a - a +0 dagger
 o - a +2 mace of protection
 p - a +4 quarterstaff of chaos (weapon)
Armour
 b - a +0 robe (worn)
 c - a +0 hat (worn)
 d - a +0 pair of gloves (worn)
 k - a scarf of repulsion (worn)
 q - a +0 cloak
Jewellery
 h - a ring of protection from fire (left hand)
 l - an amulet of reflection (around neck)
Scrolls
 g - 2 scrolls of enchant weapon {unknown}
 i - a scroll of acquirement {unknown}
 j - 2 scrolls of identify {unknown}
 m - a scroll of vulnerability {unknown}
 r - a scroll of teleportation {unknown}
Potions
 e - a potion of berserk rage {unknown}
 f - a potion of cancellation {unknown}
 n - a potion of mutation {unknown}


   Skills:
 + Level 2.1 Fighting
 + Level 3.4 Dodging
 + Level 2.2 Stealth
 * Level 3.5 Spellcasting


You couldn't memorise any spells.
You knew the following spells:

 Your Spells              Type           Power      Damage    Failure   Level
a - Magic Dart            Conj           60%        1d6       3%          1
b - Blink                 Tloc           30%        N/A       6%          2
c - Call Imp              Summ           15%        N/A       6%          2
d - Slow                  Hex            60%        N/A       3%          1
e - Conjure Flame         Conj/Fire      15%        6-21      12%         3
f - Mephitic Cloud        Conj/Pois/Air  15%        N/A       12%         3
g - Sting                 Tmut/Pois      60%        1d6       3%          1
h - Searing Ray           Conj           30%        2d5       6%          2
Your spell library was empty.

Dungeon Overview and Level Annotations

Branches:
Dungeon (3/15)

Altars:
Dithmenos


Innate Abilities, Weirdness & Mutations

You are immune to sickness and miasma.
You are immune to poison.
Your flesh is very heat resistant. (rF++)
You are vulnerable to cold. (rC-)
You float through the air rather than walking.
You learn spells naturally, not from books.
Your magical power is your life essence.
You have superior vitality. (+4 HP)


Message History

Here: a goblin, wielding a +0 hand axe and wearing a +0 ring mail (severely wounded, strong, umbra)
The floor.
You hit the goblin.
You kill the goblin!
Dithmenos accepts your kill.
Casting: Conjure Flame (dangerous; 12% risk of failure)
Confirm with . or Enter, or press ? or * to list all spells.
Aiming: Mephitic Cloud (dangerous; 12% risk of failure)
Press: ? - help, Shift-Dir - straight line, f - orc priest
Aim: an orc priest, wielding a +0 dagger (chance to affect: 86%)
The ball explodes into a vile cloud!
The stinking cloud engulfs the orc priest but does no damage.
The orc shouts!
* * * LOW HITPOINT WARNING * * *
The orc priest is engulfed in noxious fumes.
The orc priest appears confused.
The orc priest is engulfed in noxious fumes.
The orc priest appears confused.
Things that are here:
a +0 hand axe; a +0 ring mail; a goblin corpse You catch the helpless orc priest completely off-guard!
You hit the orc priest.
The orc priest is heavily wounded.
The orc priest is engulfed in noxious fumes.
The orc priest hits the endoplasm with a +0 dagger.
You hit the orc priest.
The orc priest is almost dead.
The orc priest closely misses you. The orc priest misses you.
You strike the helpless orc priest from behind!
You hit the orc priest.
You kill the orc priest!
Dithmenos accepts your kill. The endoplasm freezes you.
You are frozen.
You feel a terrible chill!
* * * LOW HITPOINT WARNING * * *
You barely miss the endoplasm.
The endoplasm is severely wounded.
The endoplasm freezes you.
You are frozen!
You feel a terrible chill!
You die...

.......##
######..#
........#
#......>#
........#
#.#######
........#
#.#
........#
#.# #)# #.#
#o# #.# #J#
#.#
#@#######.#
#.......#.#
#######.#.#
..........#
#######.###
#.##########
#...........
#.##########
###


You could see an orc and an endoplasm.

Vanquished Creatures
  An orc priest (D:3)
  Crazy Yiuf (D:2)
  Terence (D:2)
  3 adders (D:3)
  3 dart slugs
  An orc (D:3)
  5 ball pythons
  7 bats
  3 endoplasms
  A giant cockroach (D:1)
  5 goblins
  3 hobgoblins
  4 jackals (D:1)
  3 quokkas
  3 frilled lizards
  3 kobolds
  4 rats (D:1)
51 creatures vanquished.

Vanquished Creatures (collateral kills)
  A giant cockroach (D:2)
  4 jackals (D:1)
5 creatures vanquished.

Vanquished Creatures (others)
  3 fungi (D:1)
  A plant (D:1)
4 creatures vanquished.

Grand Total: 60 creatures vanquished

Notes
Turn   | Place    | Note
-------+----------+-------------------------------------------
     0 | D:1      | SirFunk the Djinni Hedge Wizard began the quest for the
                  | Orb.
     0 | D:1      | Reached XP level 1. HP: 15/15 MP: 0/0
   356 | D:1      | Reached XP level 2. HP: 21/22 MP: 0/0
   560 | D:1      | Found a faded altar of an unknown god.
   740 | D:1      | Prayed at the altar of an unknown god.
   740 | D:1      | Became a worshipper of Dithmenos the Shadowed
   740 | D:1      | Reached * piety under Dithmenos
   772 | D:1      | Reached skill level 1 in Fighting
   776 | D:1      | Reached XP level 3. HP: 19/27 MP: 0/0
   776 | D:1      | Learned a level 1 spell: Sting
  1817 | D:2      | Reached XP level 4. HP: 25/32 MP: 0/0
  2669 | D:2      | Noticed Terence
  2708 | D:2      | Killed Terence
  3169 | D:2      | Found a runed translucent door.
  3174 | D:2      | Noticed Crazy Yiuf
  3484 | D:2      | Killed Crazy Yiuf
  3485 | D:2      | Reached XP level 5. HP: 26/38 MP: 0/0
  3485 | D:2      | Learned a level 2 spell: Searing Ray
  4269 | D:3      | Reached ** piety under Dithmenos
  4465 | D:3      | Frozen to death by an endoplasm

Illustrated notes

Levels and vault maps discovered:
D:1:      dpeg_arrival_boxes_within_box, layout_rooms,
          shapermc_ecumenical_altar_acropolis, st_stairs_9
D:2:      layout_loops_ring, kennysheep_boxes, uniq_terence,
          uniq_crazy_yiuf_cottage
D:3:      layout_basic, serial_shops, nicolae_shop_window_shopping

Skill      XL: |  1  2  3  4  5 |
---------------+----------------+-----
Fighting       | 1 2 |  2.1
Spellcasting   | 3 |  3.5
Dodging        | 3 |  3.4
Stealth        | 2 |  2.2

Action                   |  1- 3 |  4- 6 || total
-------------------------+-------+-------++-------
Melee: Dagger            |    67 |    15 ||    82
       Quarterstaff      |       |    20 ||    20
       Mace              |       |     3 ||     3
 Cast: Magic Dart        |    56 |    35 ||    91
       Call Imp          |     2 |     2 ||     4
       Sting             |     4 |     3 ||     7
       Slow              |       |     5 ||     5
       Mephitic Cloud    |       |     4 ||     4
       Conjure Flame     |       |     4 ||     4
       Blink             |       |     2 ||     2
       Searing Ray       |       |     1 ||     1
 Stab: Sleeping          |     3 |     2 ||     5
       Confused          |       |     2 ||     2
Armor: Robe              |    21 |     4 ||    25
Dodge: Dodged            |    66 |    26 ||    92
Block: Other             |       |     4 ||     4

Table legend: (Time is in decaauts)
 A = Elapsed time spent in this place.
 B = Non-inter-level travel time spent in this place.
 C = Inter-level travel time spent in this place.
 D = Time resting spent in this place.
 E = Time spent auto-exploring this place.
 F = Levels seen in this place.
 G = Mean time per level.
                   A        B        C        D        E       F      G
               +--------+--------+--------+--------+--------+-----+--------+
         Total |   4470 |   4435 |     35 |   1975 |   1796 |   3 | 1490.0 |
       Dungeon |   4470 |   4435 |     35 |   1975 |   1796 |   3 | 1490.0 |
               +--------+--------+--------+--------+--------+-----+--------+

Top non-repeatable levels by time:
     D:1: 1980 daAuts
     D:2: 1714 daAuts
     D:3: 776 daAuts
